 Seeded DCSS version 0.29.1-15-g9cfb28693d (webtiles) character file.

Game seed: 8515177902725472229 (custom seed)

2 Psyclone the Conjurer (level 1, 10/10 HPs)
             Began as a Deep Elf Conjurer on Oct 4, 2023.
             Quit the game on level 1 of the Dungeon.
             The game lasted 00:00:14 (123 turns).

Psyclone the Conjurer (Deep Elf Conjurer)            Turns: 123, Time: 00:00:15

Health: 10/10      AC:  3    Str:  4    XL:     1   Next: 25%
Magic:  6/6        EV: 12    Int: 22    God:
Gold:   0          SH:  0    Dex: 13    Spells: 5/6 levels left

rFire   + . .      SeeInvis .   (no weapon)
rCold   . . .      Faith    .   (no shield)
rNeg    . . .      Spirit   .   a - +0 robe
rPois   .          Reflect  .   (no helmet)
rElec   .          Harm     .   (no cloak)
rCorr   .          Rampage  .   (no gloves)
Will    +....                   (no boots)
Stlth   ++........              (no amulet)
HPRegen 0.03/turn               (no ring)
MPRegen 0.10/turn               (no ring)

@: no status effects
A: fire resistance 1, strong-willed 1, shaggy fur 1, wild magic 1
a: no special abilities


You were on level 1 of the Dungeon.
You visited 1 branch of the dungeon, and saw 1 of its levels.

Inventory:

Armour
 a - a +0 robe (worn)
Jewellery
 d - the ring "Govaty" {rC++ rN+ Int-5}
   (You acquired it on level 1 of the Dungeon)

   [ring of positive energy]

   Int:       It affects your intelligence (-5).
   rC:        It greatly protects you from cold.
   rN:        It protects you from negative energy.
Potions
 b - a potion of magic
 c - a potion of curing {unknown}


   Skills:
 + Level 2.4 Dodging
 + Level 2.5 Stealth
 + Level 3.0 Spellcasting
 + Level 4.4 Conjurations


You had 5 spell levels left.
You knew the following spells:

 Your Spells              Type           Power      Damage    Failure   Level
a - Magic Dart            Conj           100%       1d8       3%          1

Your spell library contained the following spells:

 Spells                   Type           Power      Damage    Failure   Level
 Searing Ray              Conj           58%        2d6       5%          2
 Dazzling Flash           Conj/Hex       34%        N/A       22%         3
 Fulminant Prism          Conj/Hex       8%         3d7       54%         4
 Iskenderun's Mystic Bla  Conj/Tloc      17%        2d5       54%         4


Dungeon Overview and Level Annotations

Branches:
Dungeon (1/15) Zot: 5877

Altars:


Innate Abilities, Weirdness & Mutations

Your flesh is heat resistant. (rF+)
You are strong-willed. (Will+)
You are covered in fur. (AC +1)
Your spells are a little harder to cast, but a little more powerful.


Message History

c - a sedimented coppery potion Unknown command.
(D) Dungeon
Where to? (? - help)
Okay, then.
It was a potion of mutation.
You feel extremely strange. Fur sprouts all over your body.
You feel less in control of your magic.
You feel strong-willed.
You feel resistant to heat.
There is an open door here.
There is an open door here.
There is an open door here.
You see here 5 stones.
c - an amethyst potion
Found a scroll labelled PARPHUNOUG.
A bat comes into view.
Found an amethyst potion.
Casting: Magic Dart (safe; 3% risk of failure)
Confirm with . or Enter, or press ? or * to list all spells.
Aiming: Magic Dart (safe; 3% risk of failure)
Press: ? - help, Shift-Dir - straight line, f - bat
Aim: a bat (asleep, 100% to hit)
The magic dart hits the bat!
You kill the bat!
A rat comes into view.
Casting: Magic Dart (safe; 3% risk of failure)
Confirm with . or Enter, or press ? or * to list all spells.
Aiming: Magic Dart (safe; 3% risk of failure)
Press: ? - help, Shift-Dir - straight line, f - rat
Aim: a rat (wandering, hasn't noticed you, 100% to hit)
The magic dart hits the rat.
You kill the rat!
You now have 4/6 mp.
d - a scroll labelled PARPHUNOUG You see here a rat corpse.
There is a stone staircase leading down here.
MP restored: 6 This is a scroll of acquirement!
Something appears at your feet!
d - the ring "Govaty" {rC++ rN+ Int-5}
Okay, then.
Are you sure you want to abandon this character and quit the game? (Confirm with "yes".)

#.. #... .##... ##
.....##. #...#..##
#.....##..
#.....##.#
#....>##.# ♣
#...#@##.# ♣♣♣ #..
#.##.#######♣♣♣♣..
#.
#.##..!...........
#
#.##..†...........
#.##.###..........
#.##.##...........
#.##.##♣.......#..
#....# ♣.......#..
###### ♣♣......#..


There were no monsters in sight!

Vanquished Creatures
  A bat (D:1)
  A rat (D:1)
2 creatures vanquished.

Notes
Turn   | Place    | Note
-------+----------+-------------------------------------------
     0 | D:1      | Psyclone the Deep Elf Conjurer began the quest for the Orb.
     0 | D:1      | Reached XP level 1. HP: 10/10 MP: 6/6
    54 | D:1      | Gained mutation: You are covered in fur. (AC +1) [potion of
                  | mutation]
    54 | D:1      | Gained mutation: Your spells are a little harder to cast,
                  | but a little more powerful. [potion of mutation]
    54 | D:1      | Gained mutation: You are strong-willed. (Will+) [potion of
                  | mutation]
    54 | D:1      | Gained mutation: Your flesh is heat resistant. (rF+)
                  | [potion of mutation]
   121 | D:1      | Identified a scroll of acquirement
   121 | D:1      | Acquired the ring "Govaty" {rC++ rN+ Int-5}
   123 | D:1      | Quit the game

Illustrated notes

Levels and vault maps discovered:
D:1:      sevenhm_arrival_forest_fort_large_4, layout_basic,
          nrook_loot_triangle, minmay_lizard_pond

Action                   || total
-------------------------++-------
 Cast: Magic Dart        ||     2
  Use: Scroll            ||     1
       Potion            ||     1
